[Event "29th Czech Open-Rapid 2018"]
[Site "Pardubice"]
[Date "2018.07.19"]
[Round "4"]
[White "Tarun, V Kanth"]
[Black "Zaitsev, Alexander"]
[Result "1-0"]
[ECO "E20"]
[WhiteElo "1771"]
[BlackElo "2335"]
[Annotator "NA"]
[PlyCount "121"]
[EventDate "2018.07.18"]
[EventType "swiss"]
[EventCountry "CZE"]
[SourceTitle "playchess.com"]
[Source "ChessBase"]
[SourceQuality "1"]
[TimeControl "900+10"]

1. d4 e6 2. c4 Nf6 3. Nc3 Bb4 4. f3 Nc6 5. a3 Bxc3+ 6. bxc3 b6 7. e4 Ba6 8. Bd3 Na5 9. Qe2 d6 10. Nh3 Qd7 11. a4 Nb3 12. Rb1 Nxc1 13. Rxc1 e5 14. O-O O-O 15. f4 Qe7 16. g4 Nd7 17. g5 f6 18. Qg4 Rae8 19. f5 fxg5 20. Nxg5 Nf6 21. Qh3 Bc8 22. d5 h6 23. Nf3 Qf7 24. Nh4 Nh5 25. Qg4 Nf4 26. Rxf4 exf4 27. Ng6 Qf6 28. Nxf8 Rxf8 29. Qxf4 Bd7 30. Kh1 Bxa4 31. Rg1 Be8 32. Bb1 Kh8 33. Qg3 a5 34. Re1 Qe5 35. Qxe5 dxe5 36. Bc2 Rf6 37. Ra1 Kg8 38. Ba4 Bxa4 39. Rxa4 Kf8 40. c5 Ke7 41. Kg2 g6 42. fxg6 Rxg6+ 43. Kf3 Kd7 44. c4 h5 45. cxb6 cxb6 46. c5 Kc7 47. c6 Rg8 48. Ra1 Ra8 49. Rg1 a4 50. Rg7+ Kd6 51. Rd7+ Kc5 52. c7 Rc8 53. d6 Kc6 54. Rd8 Kb7 55. d7 Rxc7 56. Rb8+ Kxb8 57. d8=Q+ Kb7 58. Qd5+ Ka7 59. Qxe5 Rf7+ 60. Ke3 Rb7 61. Qb5 1-0

[Event "29th Czech Open-Rapid 2018"]
[Site "Pardubice"]
[Date "2018.07.19"]
[Round "4"]
[White "Alekseev, Mikhail"]
[Black "Mlcak, Viktor"]
[Result "0-1"]
[ECO "B02"]
[WhiteElo "1752"]
[BlackElo "1881"]
[Annotator "NA"]
[PlyCount "87"]
[EventDate "2018.07.18"]
[EventType "swiss"]
[EventCountry "CZE"]
[SourceTitle "playchess.com"]
[Source "ChessBase"]
[SourceQuality "1"]
[TimeControl "900+10"]

1. e4 Nf6 2. Nc3 d5 3. exd5 Nxd5 4. Bc4 Nb6 5. Be2 e5 6. Bg4 Nc6 7. Bxc8 Rxc8 8. Nge2 Be7 9. d3 O-O 10. O-O f5 11. f4 Bc5+ 12. Kh1 Be7 13. Qe1 Bh4 14. Qd1 a6 15. Ng1 Qd7 16. Nf3 Bf6 17. fxe5 Nxe5 18. Nxe5 Bxe5 19. Bf4 Rce8 20. Qf3 c6 21. Rae1 Qd6 22. Bxe5 Rxe5 23. Rxe5 Qxe5 24. Qf2 Nd7 25. Re1 Qd6 26. Qe3 Kh8 27. Ne2 Nf6 28. Ng3 Ng4 29. Qe7 Qb8 30. h3 Nh6 31. Nh5 Rf7 32. Qe6 Qf8 33. Nf4 Ng8 34. Qb3 Nf6 35. Qe6 Nd7 36. d4 g6 37. c3 Nf6 38. Qe5 Kg8 39. d5 cxd5 40. Nxd5 Nxd5 41. Qxd5 Kg7 42. Re6 f4 43. Qe5+ Kg8 44. Re8 0-1

[Event "29th Czech Open-Rapid 2018"]
[Site "Pardubice"]
[Date "2018.07.19"]
[Round "4"]
[White "Salykin, Aleksandr"]
[Black "Bystrov, Sergej Mikhailovich"]
[Result "1-0"]
[ECO "A41"]
[WhiteElo "1745"]
[BlackElo "2121"]
[Annotator "NA"]
[PlyCount "83"]
[EventDate "2018.07.18"]
[EventType "swiss"]
[EventCountry "CZE"]
[SourceTitle "playchess.com"]
[Source "ChessBase"]
[SourceQuality "1"]
[TimeControl "900+10"]

1. d4 d6 2. Bf4 Nf6 3. Nf3 c6 4. e3 g6 5. c3 Bg7 6. h3 O-O 7. Be2 Nbd7 8. O-O Qe8 9. Bh2 e5 10. Re1 Qe7 11. a4 Rd8 12. Na3 e4 13. Nd2 d5 14. c4 Nb8 15. cxd5 Nxd5 16. Bc4 f5 17. Qb3 Be6 18. a5 Bf7 19. Rac1 Bf8 20. Nc2 b5 21. axb6 Nxb6 22. Bxf7+ Qxf7 23. Qxf7+ Kxf7 24. Ra1 c5 25. Bc7 Nc6 26. Bxd8 Rxd8 27. Nb3 c4 28. Na5 Nxa5 29. Rxa5 Rd7 30. Rea1 Nc8 31. Na3 Bb4 32. Rb5 Be7 33. Nxc4 Rc7 34. Ne5+ Ke6 35. Ra6+ Bd6 36. Rc6 Nb6 37. Rxc7 Bxc7 38. Nc6 a6 39. Rc5 Na4 40. Rc2 Kd6 41. Ne5 Bd8 42. b3 1-0

[Event "29th Czech Open-Rapid 2018"]
[Site "Pardubice"]
[Date "2018.07.19"]
[Round "4"]
[White "Ret, Adam Josef"]
[Black "Yakimenko, Alexander A"]
[Result "0-1"]
[ECO "E00"]
[WhiteElo "1693"]
[BlackElo "2037"]
[Annotator "NA"]
[PlyCount "52"]
[EventDate "2018.07.18"]
[EventType "swiss"]
[EventCountry "CZE"]
[SourceTitle "playchess.com"]
[Source "ChessBase"]
[SourceQuality "1"]
[TimeControl "900+10"]

1. d4 e6 2. c4 Nf6 3. Nc3 c5 4. e3 d5 5. Nf3 Nc6 6. cxd5 Nxd5 7. Nxd5 Qxd5 8. dxc5 Qxd1+ 9. Kxd1 Bxc5 10. Bb5 Bd7 11. Ke2 a6 12. Bd3 Nb4 13. Ne5 Ba4 14. b3 Bb5 15. a3 Nxd3 16. Nxd3 O-O-O 17. Rd1 Rxd3 18. Rxd3 Rd8 19. b4 Bxd3+ 20. Kf3 Be7 21. Bb2 Bf6 22. Rc1+ Kb8 23. Bxf6 gxf6 24. Rc5 f5 25. h3 Rc8 26. Rxc8+ Kxc8 0-1

[Event "29th Czech Open-Rapid 2018"]
[Site "Pardubice"]
[Date "2018.07.19"]
[Round "4"]
[White "Bueble, Joschua"]
[Black "Slovak, Kilian"]
[Result "0-1"]
[ECO "E83"]
[WhiteElo "1682"]
[BlackElo "2113"]
[Annotator "NA"]
[PlyCount "48"]
[EventDate "2018.07.18"]
[EventType "swiss"]
[EventCountry "CZE"]
[SourceTitle "playchess.com"]
[Source "ChessBase"]
[SourceQuality "1"]
[TimeControl "900+10"]

1. d4 Nf6 2. c4 g6 3. Nc3 Bg7 4. e4 d6 5. f3 O-O 6. Be3 Nc6 7. Nge2 a6 8. Qd2 Bd7 9. Rc1 b5 10. cxb5 axb5 11. Nxb5 Rxa2 12. Nec3 Ra8 13. Nd5 Nxd5 14. exd5 Na5 15. Qc3 c6 16. dxc6 Nxc6 17. Bd3 Qb8 18. Be4 Rc8 19. Qb3 Ra5 20. Bd3 Na7 21. Rxc8+ Bxc8 22. Qb4 Ra1+ 23. Kf2 Rxh1 24. Qa5 Be6 0-1

[Event "29th Czech Open-Rapid 2018"]
[Site "Pardubice"]
[Date "2018.07.19"]
[Round "4"]
[White "Zdechovsky, Tobias"]
[Black "Barak, Gil"]
[Result "0-1"]
[ECO "C80"]
[WhiteElo "1675"]
[BlackElo "1946"]
[Annotator "NA"]
[PlyCount "78"]
[EventDate "2018.07.18"]
[EventType "swiss"]
[EventCountry "CZE"]
[SourceTitle "playchess.com"]
[Source "ChessBase"]
[SourceQuality "1"]
[TimeControl "900+10"]

1. e4 e5 2. Nf3 Nc6 3. Bb5 a6 4. Ba4 Nf6 5. O-O Nxe4 6. Re1 Nc5 7. Bxc6 dxc6 8. Nxe5 Ne6 9. b3 Be7 10. Bb2 O-O 11. d4 Bf6 12. Na3 Re8 13. c4 c5 14. d5 Nf8 15. f4 Ng6 16. Qf3 Bd7 17. Re2 b5 18. Rae1 b4 19. Nb1 Be7 20. Qf2 Bd6 21. g3 a5 22. f5 Nxe5 23. Bxe5 f6 24. Bxd6 cxd6 25. Qf4 Re5 26. Rxe5 fxe5 27. Qf3 Qf6 28. g4 g6 29. Rf1 gxf5 30. gxf5 Rf8 31. Qg4+ Kh8 32. Qh5 Bxf5 33. Nd2 Rg8+ 34. Kh1 Be4+ 35. Nf3 Rf8 36. Kg2 Qf4 37. Rf2 Rg8+ 38. Kf1 Bd3+ 39. Ke1 Qc1# 0-1

[Event "29th Czech Open-Rapid 2018"]
[Site "Pardubice"]
[Date "2018.07.19"]
[Round "4"]
[White "Gukesh, Dommaraju"]
[Black "Kulkarni, Chinmay"]
[Result "0-1"]
[ECO "B32"]
[WhiteElo "1519"]
[BlackElo "2290"]
[Annotator "NA"]
[PlyCount "134"]
[EventDate "2018.07.18"]
[EventType "swiss"]
[EventCountry "CZE"]
[SourceTitle "playchess.com"]
[Source "ChessBase"]
[SourceQuality "1"]
[TimeControl "900+10"]

1. e4 c5 2. Nf3 Nc6 3. d4 cxd4 4. Nxd4 Qb6 5. Nb3 Nf6 6. Nc3 e6 7. Be3 Qc7 8. Be2 a6 9. a4 b6 10. O-O Bb7 11. f4 d6 12. Bf3 Be7 13. Qe2 O-O 14. a5 Nxa5 15. Nxa5 bxa5 16. Qf2 Nd7 17. Rfd1 Rac8 18. Rd2 Nc5 19. Bd4 e5 20. Be3 exf4 21. Bxf4 Qb6 22. Rb1 Rfd8 23. Be3 Qc7 24. Bd4 Bf8 25. Rf1 Re8 26. Bg4 Rb8 27. Bh5 Re7 28. e5 Rd7 29. Bxc5 dxc5 30. Rxd7 Qxd7 31. Qxf7+ Qxf7 32. Bxf7+ Kh8 33. Bd5 Bxd5 34. Nxd5 c4 35. e6 Bc5+ 36. Kh1 Kg8 37. Re1 Rxb2 38. e7 Bxe7 39. Nxe7+ Kf7 40. Nc6 a4 41. Ne5+ Kf6 42. Nxc4 Rxc2 43. Ne3 Ra2 44. Nd5+ Kf7 45. Nc3 Ra3 46. Rc1 Ke6 47. Kg1 Ke5 48. Kf2 Kd4 49. Ne2+ Kd3 50. Rd1+ Kc4 51. Rd4+ Kc5 52. Rd7 Ra2 53. Ra7 Kb6 54. Rxg7 a3 55. Rxh7 Rxe2+ 56. Kxe2 a2 57. Rh6+ Ka5 58. Rh5+ Kb4 59. Rh4+ Kb3 60. Rh3+ Kb2 61. Rd3 a1=Q 62. h4 Qh1 63. g3 Qg2+ 64. Ke1 Qe4+ 65. Kd2 a5 66. h5 Qg2+ 67. Ke1 Qh1+ 0-1

[Event "29th Czech Open-Rapid 2018"]
[Site "Pardubice"]
[Date "2018.07.19"]
[Round "4"]
[White "Vestfal, Jan"]
[Black "Pacl, Vaclav"]
[Result "1-0"]
[ECO "B07"]
[WhiteElo "1407"]
[BlackElo "2077"]
[Annotator "NA"]
[PlyCount "129"]
[EventDate "2018.07.18"]
[EventType "swiss"]
[EventCountry "CZE"]
[SourceTitle "playchess.com"]
[Source "ChessBase"]
[SourceQuality "1"]
[TimeControl "900+10"]

1. e4 d6 2. d4 Nf6 3. Nc3 c6 4. Bg5 Nbd7 5. Nf3 e5 6. d5 Be7 7. Bc4 O-O 8. O-O Nb6 9. Bb3 Bg4 10. h3 Bh5 11. Bxf6 Bxf6 12. g4 Bg6 13. Re1 c5 14. Nd2 Bg5 15. Nc4 Nxc4 16. Bxc4 Bf4 17. Ne2 Qg5 18. Nxf4 exf4 19. f3 Rae8 20. Qd2 h5 21. Bd3 hxg4 22. hxg4 f6 23. Qh2 Kf7 24. Bb5 Rd8 25. Kf2 Rh8 26. Qg2 Rh4 27. Rh1 Rdh8 28. Rxh4 Qxh4+ 29. Ke2 a6 30. Bd7 Ke7 31. Be6 Be8 32. Rg1 Bb5+ 33. Kd1 Qh3 34. g5 Qxg2 35. gxf6+ Kxf6 36. Rxg2 Rh1+ 37. Kd2 Rf1 38. Bg4 Ke5 39. c3 Ra1 40. a3 Bc4 41. Bh5 Rh1 42. Rg6 Rh2+ 43. Kc1 Rh1+ 44. Kd2 Rh2+ 45. Ke1 Bxd5 46. Rg5+ Kf6 47. Rxd5 g5 48. Rf5+ Ke6 49. Bg4 Rxb2 50. Rxc5+ Ke7 51. Rxg5 Rb3 52. Kd2 Rxa3 53. Rg7+ Kf6 54. Rxb7 a5 55. Bd7 Ra2+ 56. Kc1 Rf2 57. Bg4 Ra2 58. Ra7 Ke5 59. Kb1 Ra4 60. Bd7 Rc4 61. Rxa5+ Kf6 62. Kc2 Rc7 63. Bg4 Rh7 64. Rf5+ Kg6 65. Rxf4 1-0

[Event "29th Czech Open-Rapid 2018"]
[Site "Pardubice"]
[Date "2018.07.19"]
[Round "5"]
[White "Burdalev, Kirill"]
[Black "Harsha, Bharathakoti"]
[Result "0-1"]
[ECO "A40"]
[WhiteElo "2383"]
[BlackElo "2163"]
[Annotator "NA"]
[PlyCount "121"]
[EventDate "2018.07.18"]
[EventType "swiss"]
[EventCountry "CZE"]
[SourceTitle "playchess.com"]
[Source "ChessBase"]
[SourceQuality "1"]
[TimeControl "900+10"]

1. d4 e6 2. Nf3 d5 3. Bf4 c5 4. e3 Nc6 5. c3 Bd6 6. Bg3 Nf6 7. Nbd2 O-O 8. Bb5 Be7 9. Ne5 Qb6 10. Qa4 Nxe5 11. dxe5 Nh5 12. b3 Qc7 13. Bd3 g6 14. Nf3 c4 15. bxc4 Bd7 16. Qb3 dxc4 17. Qxc4 Qxc4 18. Bxc4 Rfc8 19. Be2 Nxg3 20. hxg3 Rxc3 21. Nd4 Rac8 22. O-O R8c5 23. Nf3 Bc6 24. Rfd1 h5 25. Rab1 b6 26. Rb3 Rc2 27. Nd4 Rxa2 28. Nxc6 Rxc6 29. Bf3 Rc7 30. Rbd3 b5 31. Rd7 Rac2 32. Be4 R2c4 33. Rxc7 Rxc7 34. Ra1 b4 35. Kf1 b3 36. Ke2 Bb4 37. Ra6 b2 38. Ra2 Bc3 39. f4 Rd7 40. Ra3 Bb4 41. Ra2 Rd2+ 42. Kf3 a5 43. g4 hxg4+ 44. Kxg4 Rxg2+ 45. Kf3 Rd2 46. Bb1 Kf8 47. Be4 Ke7 48. Kg3 Kd7 49. Kg4 Kc7 50. Kg5 Re2 51. Kf6 Rxe3 52. Bc2 Bc3 53. Kxf7 Re1 54. Ra3 Bd4 55. Rxa5 b1=Q 56. Bxb1 Rxb1 57. Kxe6 Rf1 58. Rd5 Rxf4 59. Rd7+ Kc6 60. Rg7 Rg4 61. Kf6 0-1

[Event "29th Czech Open-Rapid 2018"]
[Site "Pardubice"]
[Date "2018.07.19"]
[Round "5"]
[White "Nun, Jiri"]
[Black "Claridge Hansen, William"]
[Result "0-1"]
[ECO "B27"]
[WhiteElo "2337"]
[BlackElo "2146"]
[Annotator "NA"]
[PlyCount "62"]
[EventDate "2018.07.18"]
[EventType "swiss"]
[EventCountry "CZE"]
[SourceTitle "playchess.com"]
[Source "ChessBase"]
[SourceQuality "1"]
[TimeControl "900+10"]

1. e4 c5 2. Nf3 g6 3. c3 d5 4. e5 Nc6 5. d4 Bg4 6. Bb5 Rc8 7. h3 Bxf3 8. Qxf3 e6 9. O-O Qb6 10. Bxc6+ Rxc6 11. dxc5 Bxc5 12. Nd2 Ne7 13. b4 Qc7 14. bxc5 Rxc5 15. Qf6 Rg8 16. Bb2 Nc6 17. Nf3 g5 18. Rfe1 Rg6 19. Qh8+ Kd7 20. Qxh7 Nd8 21. Nd4 g4 22. Ba3 Rc4 23. Bd6 Qa5 24. Bb4 Qa4 25. Nb3 b6 26. h4 a5 27. Bd6 g3 28. f4 Rxf4 29. Rf1 Rgg4 30. Rxf4 Qxf4 31. Qc2 Qe3+ 0-1

[Event "29th Czech Open-Rapid 2018"]
[Site "Pardubice"]
[Date "2018.07.19"]
[Round "5"]
[White "Zaitsev, Alexander"]
[Black "Vinklarek, Ondrej"]
[Result "1-0"]
[ECO "B53"]
[WhiteElo "2335"]
[BlackElo "2122"]
[Annotator "NA"]
[PlyCount "71"]
[EventDate "2018.07.18"]
[EventType "swiss"]
[EventCountry "CZE"]
[SourceTitle "playchess.com"]
[Source "ChessBase"]
[SourceQuality "1"]
[TimeControl "900+10"]

1. e4 c5 2. Nf3 d6 3. d4 cxd4 4. Qxd4 Nc6 5. Bb5 Bd7 6. Bxc6 Bxc6 7. Nc3 e5 8. Qd3 Be7 9. O-O g5 10. Nd2 h5 11. Nc4 Qc7 12. b4 b6 13. Rd1 O-O-O 14. Ne3 Nh6 15. Ncd5 Qb7 16. a4 Ng4 17. Nf5 Bf8 18. c4 Bxd5 19. cxd5 f6 20. a5 Nh6 21. axb6 axb6 22. Ne3 Be7 23. Nc4 Kd7 24. Be3 Ke8 25. Nxb6 Kf7 26. Nc4 Rhf8 27. Ra7 Qb8 28. Na5 Rc8 29. Nc6 Rxc6 30. dxc6 Ng4 31. Qd5+ Kg6 32. Rxe7 Qxb4 33. c7 Qa4 34. h3 Nh6 35. Rc1 Rc8 36. Qb7 1-0

[Event "29th Czech Open-Rapid 2018"]
[Site "Pardubice"]
[Date "2018.07.19"]
[Round "5"]
[White "Turner, Jan"]
[Black "Petr, Jan"]
[Result "1-0"]
[ECO "A01"]
[WhiteElo "2332"]
[BlackElo "2099"]
[Annotator "NA"]
[PlyCount "47"]
[EventDate "2018.07.18"]
[EventType "swiss"]
[EventCountry "CZE"]
[SourceTitle "playchess.com"]
[Source "ChessBase"]
[SourceQuality "1"]
[TimeControl "900+10"]

1. b3 Nf6 2. Bb2 d5 3. Nf3 c5 4. e3 Nc6 5. Bb5 a6 6. Bxc6+ bxc6 7. Ne5 Qc7 8. O-O e6 9. f4 a5 10. a4 Ba6 11. d3 O-O-O 12. Nd2 h5 13. Ndf3 Bd6 14. Qe1 Ng4 15. Bc3 f6 16. Bxa5 Qb7 17. Bxd8 Rxd8 18. h3 fxe5 19. hxg4 exf4 20. exf4 Bxf4 21. Qxe6+ Kb8 22. Nd4 Bd6 23. Rf7 Qb6 24. a5 1-0

[Event "29th Czech Open-Rapid 2018"]
[Site "Pardubice"]
[Date "2018.07.19"]
[Round "5"]
[White "Maltsevskyay, Aleksandra"]
[Black "Dimitrov, Dejan"]
[Result "1-0"]
[ECO "A25"]
[WhiteElo "2297"]
[BlackElo "2102"]
[Annotator "NA"]
[PlyCount "123"]
[EventDate "2018.07.18"]
[EventType "swiss"]
[EventCountry "CZE"]
[SourceTitle "playchess.com"]
[Source "ChessBase"]
[SourceQuality "1"]
[TimeControl "900+10"]

1. c4 e5 2. Nc3 Nc6 3. g3 Bc5 4. Bg2 a6 5. e3 Nge7 6. Nge2 d6 7. O-O O-O 8. a3 Ba7 9. b4 Rb8 10. d4 exd4 11. exd4 Nf5 12. c5 dxc5 13. dxc5 Ncd4 14. Nd5 Nxe2+ 15. Qxe2 c6 16. Nc3 Nd4 17. Qd1 Be6 18. Bf4 Bb3 19. Qd3 Ne6 20. Bd6 Rc8 21. Rab1 Bxc5 22. bxc5 Nxc5 23. Qd4 Ne6 24. Qe5 f6 25. Qe3 Qxd6 26. Rxb3 Nc5 27. Rd1 Qe5 28. Qxe5 fxe5 29. Rb2 Rc7 30. Re2 Re7 31. Ne4 Ne6 32. Nd6 Nc5 33. Rc1 Nb3 34. Rce1 Rd8 35. Nf5 Ree8 36. h4 g6 37. Nh6+ Kg7 38. Ng4 Nd4 39. Rxe5 Rxe5 40. Rxe5 h5 41. Ne3 Kf6 42. Re4 Ne2+ 43. Kh2 Nc3 44. Rf4+ Kg7 45. g4 hxg4 46. Rxg4 Kh6 47. Rg3 Ne2 48. Rf3 Kg7 49. Bf1 Nd4 50. Rg3 Rh8 51. Kh3 Ne6 52. Rg4 Kf6 53. Bc4 Nc5 54. f3 b5 55. Ba2 Nd3 56. Rd4 Ne5 57. Rd6+ Kg7 58. f4 Nf3 59. Rd7+ Kf8 60. Kg3 Nxh4 61. Rd8+ Kg7 62. Rxh8 1-0

[Event "29th Czech Open-Rapid 2018"]
[Site "Pardubice"]
[Date "2018.07.19"]
[Round "5"]
[White "Chekletsov, Ilya"]
[Black "Chrz, Pavel"]
[Result "*"]
[ECO "A41"]
[WhiteElo "2273"]
[BlackElo "2038"]
[Annotator "NA"]
[PlyCount "91"]
[EventDate "2018.07.18"]
[EventType "swiss"]
[EventCountry "CZE"]
[SourceTitle "playchess.com"]
[Source "ChessBase"]
[SourceQuality "1"]
[TimeControl "900+10"]

1. d4 d6 2. c4 e5 3. Nc3 Nc6 4. Nf3 exd4 5. Nxd4 Bd7 6. e3 Nf6 7. g3 Ne5 8. f4 c5 9. Nc2 Bg4 10. Be2 Bxe2 11. Qxe2 Nc6 12. O-O Qe7 13. Nd5 Nxd5 14. cxd5 Nd4 15. Nxd4 cxd4 16. Qc4 g6 17. Qxd4 f6 18. b3 Rg8 19. e4 Bg7 20. Bb2 Kf7 21. e5 f5 22. e6+ Kf8 23. Qd2 Bxb2 24. Qxb2 Qg7 25. Qxg7+ Kxg7 26. Rac1 Rac8 27. Kf2 Kf6 28. Ke3 h6 29. Kd2 g5 30. Rxc8 Rxc8 31. Rc1 Rg8 32. Rc7 gxf4 33. gxf4 Rg2+ 34. Ke3 Rxh2 35. Rxb7 Rxa2 36. Rh7 Ra1 37. Rxh6+ Kg7 38. Rh5 Kg6 39. Rg5+ Kf6 40. Kd3 Rd1+ 41. Kc4 Rf1 42. Rh5 Rxf4+ 43. Kb5 Re4 44. Kc6 f4 45. Kxd6 f3 46. Rh7 *

[Event "29th Czech Open-Rapid 2018"]
[Site "Pardubice"]
[Date "2018.07.19"]
[Round "5"]
[White "Lushnikov, Evgeny"]
[Black "Jazdanovs, Aleksandrs"]
[Result "1/2-1/2"]
[ECO "B52"]
[WhiteElo "2234"]
[BlackElo "2013"]
[Annotator "NA"]
[PlyCount "105"]
[EventDate "2018.07.18"]
[EventType "swiss"]
[EventCountry "CZE"]
[SourceTitle "playchess.com"]
[Source "ChessBase"]
[SourceQuality "1"]
[TimeControl "900+10"]

1. e4 c5 2. Nf3 d6 3. Bb5+ Bd7 4. Bxd7+ Qxd7 5. c4 Nf6 6. Nc3 g6 7. d4 cxd4 8. Nxd4 Bg7 9. f3 O-O 10. Be3 Rc8 11. b3 Nc6 12. O-O Qd8 13. Rc1 Nd7 14. Qd2 Nxd4 15. Bxd4 Bxd4+ 16. Qxd4 Qb6 17. Rfd1 Qxd4+ 18. Rxd4 a6 19. Rdd1 Rc5 20. a4 Nf6 21. Kf2 Rd8 22. Rc2 Kf8 23. Rcd2 Rc6 24. e5 Ne8 25. Ne4 f6 26. exd6 Nxd6 27. Nxd6 exd6 28. Rd5 Ke7 29. Re1+ Kd7 30. Re4 Rc5 31. Rd3 Kc6 32. b4 Re5 33. Rxe5 fxe5 34. Rd5 Rf8 35. g3 b6 36. Ke3 g5 37. h3 h5 38. Rd2 h4 39. gxh4 gxh4 40. Rg2 b5 41. axb5+ axb5 42. cxb5+ Kxb5 43. Rd2 Rf6 44. Rb2 d5 45. Rd2 Kc4 46. Rb2 Rb6 47. f4 exf4+ 48. Kxf4 Rxb4 49. Re2 Kc3+ 50. Kf3 d4 51. Re7 d3 52. Ke3 Kc2 53. Rc7+ 1/2-1/2

[Event "29th Czech Open-Rapid 2018"]
[Site "Pardubice"]
[Date "2018.07.19"]
[Round "5"]
[White "Vusatiuk, Vladimir"]
[Black "Zarovs, Aleksandrs"]
[Result "1-0"]
[ECO "A46"]
[WhiteElo "2230"]
[BlackElo "1845"]
[Annotator "NA"]
[PlyCount "67"]
[EventDate "2018.07.18"]
[EventType "swiss"]
[EventCountry "CZE"]
[SourceTitle "playchess.com"]
[Source "ChessBase"]
[SourceQuality "1"]
[TimeControl "900+10"]

1. d4 Nf6 2. Nf3 e6 3. Nbd2 c5 4. e3 b6 5. Bd3 Bb7 6. b3 Be7 7. Bb2 d6 8. O-O O-O 9. c4 cxd4 10. exd4 d5 11. Ne5 Nbd7 12. Qe2 Nxe5 13. dxe5 Nd7 14. Rad1 Nc5 15. Bb1 a5 16. f4 f6 17. exf6 Bxf6 18. Qh5 h6 19. Be5 Qe8 20. Qxe8 Raxe8 21. Bg6 Bxe5 22. fxe5 Rxf1+ 23. Rxf1 Rf8 24. Bh7+ Kxh7 25. Rxf8 Nd3 26. Re8 dxc4 27. bxc4 Nxe5 28. Rxe6 Nd7 29. Rd6 Bc8 30. Kf2 Kg8 31. Ne4 Kf8 32. c5 bxc5 33. Nxc5 Ke7 34. Rc6 1-0

[Event "29th Czech Open-Rapid 2018"]
[Site "Pardubice"]
[Date "2018.07.19"]
[Round "5"]
[White "Bente, Bjoern"]
[Black "Zdrazil, Jan"]
[Result "1/2-1/2"]
[ECO "B90"]
[WhiteElo "2228"]
[BlackElo "1809"]
[Annotator "NA"]
[PlyCount "86"]
[EventDate "2018.07.18"]
[EventType "swiss"]
[EventCountry "CZE"]
[SourceTitle "playchess.com"]
[Source "ChessBase"]
[SourceQuality "1"]
[TimeControl "900+10"]

1. e4 c5 2. Nf3 d6 3. d4 cxd4 4. Nxd4 Nf6 5. Nc3 a6 6. f3 e5 7. Nb3 Be6 8. Be3 Be7 9. Qd2 O-O 10. g4 d5 11. exd5 Nxd5 12. Nxd5 Bxd5 13. Bg2 Bh4+ 14. Bf2 Bg5 15. Qe2 Nc6 16. Rd1 Nd4 17. Nxd4 Qa5+ 18. c3 exd4 19. O-O Qxa2 20. Rxd4 Bf6 21. Rf4 Bxc3 22. Rd1 Rfe8 23. Qd3 Be5 24. Rf5 Bc6 25. f4 Bxg2 26. Kxg2 Bf6 27. Rd5 g6 28. Bd4 Bxd4 29. Qxd4 Re2+ 30. Kf3 Qxb2 31. Rd7 Rae8 32. Rd8 Qxd4 33. R1xd4 Kg7 34. g5 Rxd8 35. Rxd8 Re6 36. Rd7 b5 37. Rb7 Kf8 38. h4 Ke8 39. Kg4 Kf8 40. h5 gxh5+ 41. Kxh5 Kg7 42. f5 Re5 43. f6+ Kf8 1/2-1/2

[Event "29th Czech Open-Rapid 2018"]
[Site "Pardubice"]
[Date "2018.07.19"]
[Round "5"]
[White "Annenkov, Kirill"]
[Black "Vykydal, Frantisek"]
[Result "0-1"]
[ECO "A53"]
[WhiteElo "2206"]
[BlackElo "2045"]
[Annotator "NA"]
[PlyCount "96"]
[EventDate "2018.07.18"]
[EventType "swiss"]
[EventCountry "CZE"]
[SourceTitle "playchess.com"]
[Source "ChessBase"]
[SourceQuality "1"]
[TimeControl "900+10"]

1. d4 Nf6 2. c4 d6 3. Nf3 Bg4 4. g3 Bxf3 5. exf3 Nbd7 6. f4 e5 7. fxe5 dxe5 8. Bg2 c6 9. O-O Be7 10. Nc3 O-O 11. Be3 exd4 12. Bxd4 Bc5 13. Re1 Bxd4 14. Qxd4 Qb6 15. Rad1 Qxd4 16. Rxd4 Rfe8 17. Red1 Nc5 18. b4 Ne6 19. R4d2 Rad8 20. Bh3 Rxd2 21. Rxd2 Ng5 22. Kg2 Nxh3 23. Kxh3 Kf8 24. Kg2 Ne4 25. Nxe4 Rxe4 26. Rd7 Re7 27. Rd4 Ke8 28. Kf3 Re6 29. h4 Ke7 30. Rd3 Rd6 31. Ra3 a6 32. Ke3 Kd7 33. Ra5 Re6+ 34. Kd3 Rd6+ 35. Ke4 Re6+ 36. Re5 f6 37. Rxe6 Kxe6 38. g4 g6 39. Kd4 b6 40. a4 Kd6 41. c5+ bxc5+ 42. bxc5+ Ke6 43. a5 g5 44. h5 f5 45. f3 h6 46. Ke3 fxg4 47. fxg4 Kd5 48. Kf3 Kd4 0-1

[Event "29th Czech Open-Rapid 2018"]
[Site "Pardubice"]
[Date "2018.07.19"]
[Round "5"]
[White "Soural, Jan"]
[Black "Salykin, Aleksandr"]
[Result "1-0"]
[ECO "D11"]
[WhiteElo "2202"]
[BlackElo "1745"]
[Annotator "NA"]
[PlyCount "65"]
[EventDate "2018.07.18"]
[EventType "swiss"]
[EventCountry "CZE"]
[SourceTitle "playchess.com"]
[Source "ChessBase"]
[SourceQuality "1"]
[TimeControl "900+10"]

1. d4 d5 2. c4 c6 3. Nf3 Nf6 4. e3 a6 5. Nc3 Bg4 6. h3 Bxf3 7. Qxf3 e6 8. Bd3 Nbd7 9. g4 h6 10. h4 dxc4 11. Bxc4 b5 12. Bb3 Rc8 13. g5 hxg5 14. hxg5 Rxh1+ 15. Qxh1 Nd5 16. e4 Nxc3 17. bxc3 g6 18. Qh8 Qe7 19. Be3 c5 20. Kf1 cxd4 21. cxd4 Nb6 22. Rc1 Rxc1+ 23. Bxc1 Kd7 24. Bf4 Nc4 25. Bxc4 bxc4 26. Qe5 Qd6 27. Qxd6+ Bxd6 28. Bxd6 Kxd6 29. Ke2 Kc6 30. Kd2 e5 31. dxe5 Kc5 32. Kc3 a5 33. a4 {[%emt 0:00:04] Kd5} 1-0

[Event "29th Czech Open-Rapid 2018"]
[Site "Pardubice"]
[Date "2018.07.19"]
[Round "5"]
[White "Semjonovs, Ilja"]
[Black "Gukesh, Dommaraju"]
[Result "*"]
[ECO "B13"]
[WhiteElo "2187"]
[BlackElo "1519"]
[Annotator "NA"]
[PlyCount "96"]
[EventDate "2018.07.18"]
[EventType "swiss"]
[EventCountry "CZE"]
[SourceTitle "playchess.com"]
[Source "ChessBase"]
[SourceQuality "1"]
[TimeControl "900+10"]

1. e4 c6 2. d4 d5 3. exd5 cxd5 4. Bd3 Nc6 5. c3 g6 6. Nf3 Bf5 7. O-O Bxd3 8. Qxd3 e6 9. Re1 Bg7 10. Bf4 Nge7 11. Na3 a6 12. Nc2 O-O 13. Ne3 b5 $14 14. Ng4 Nf5 15. Qd2 Re8 16. Nh6+ Nxh6 17. Bxh6 Qd6 18. Bxg7 Kxg7 19. Ne5 Nxe5 20. Rxe5 a5 21. Re3 b4 22. Rh3 h5 23. g4 hxg4 24. Qh6+ Kf6 25. Qh4+ Kf5 26. Rg3 Rh8 27. Qxg4+ Kf6 28. Rf3+ Kg7 29. Qg3 Qxg3+ 30. fxg3 Rhc8 31. Rc1 Rab8 32. b3 Rc7 33. c4 dxc4 34. Rxc4 Rbc8 35. Rxc7 Rxc7 36. Rf2 Rc1+ 37. Kg2 Rd1 38. Rc2 Rxd4 39. Kf3 Rd5 40. Ke3 f5 41. Rc7+ Kf6 42. Ra7 g5 43. Rc7 Ke5 44. Rc4 Kd6 45. Rc8 Rc5 46. Ra8 Ke5 47. Kd3 f4 48. gxf4+ gxf4 *

[Event "29th Czech Open-Rapid 2018"]
[Site "Pardubice"]
[Date "2018.07.19"]
[Round "5"]
[White "Buchcar, Tomas"]
[Black "Vestfal, Jan"]
[Result "1-0"]
[ECO "A22"]
[WhiteElo "2174"]
[BlackElo "1407"]
[Annotator "NA"]
[PlyCount "43"]
[EventDate "2018.07.18"]
[EventType "swiss"]
[EventCountry "CZE"]
[SourceTitle "playchess.com"]
[Source "ChessBase"]
[SourceQuality "1"]
[TimeControl "900+10"]

1. c4 e5 2. Nc3 Nf6 3. g3 d5 4. cxd5 Nxd5 5. Bg2 Be6 6. d3 Nc6 7. Nf3 f6 8. O-O Qd7 9. a3 Be7 10. Re1 g5 11. Nxd5 Bxd5 12. Be3 O-O-O 13. b4 h5 14. Qa4 Kb8 15. Rac1 a6 16. Bc5 Qe6 17. Bxe7 Bb3 18. Rxc6 Qxe7 19. Qxb3 bxc6 20. Qc4 h4 21. Qxc6 Rd6 22. Nxe5 1-0